[Event "Titled Tuesday Blitz June 20 Late 2023"]
[White "Erdogmus, Yagiz Kaan"]
[Black "Koellner, Ruben Gideon"]
[WhiteFideId "44599790"]
[BlackFideId "12993093"]
[WhiteElo "2359"]
[BlackElo "2314"]
[Result "0-1"]
[Round "6"]
[TimeControl "180+2"]
[Date "2023.06.20"]
[WhiteClock "0:00:00"]
[BlackClock "0:00:06"]
[Board "34"]

1. e4 d6 2. d4 Nf6 3. Nc3 e5 4. Nf3 Nbd7 5. Bc4 Be7 6. dxe5 Nxe5 7. Nxe5 dxe5 8. Qxd8+ Bxd8 9. f3 c6 10. a4 a5 11. Be3 Nd7 12. O-O-O Bb6 13. Rhe1 Bxe3+ 14. Rxe3 Nc5 15. b3 Ke7 16. Nb1 Bd7 17. Na3 Rad8 18. Rc3 b6 19. Bf1 Be6 20. Bc4 Rxd1+ 21. Kxd1 Rd8+ 22. Ke1 Bc8 23. Be2 Be6 24. Re3 g6 25. Bc4 Bc8 26. Re2 f6 27. Rd2 Rxd2 28. Kxd2 h6 29. Bg8 Kf8 30. Bc4 Ke7 31. Kc1 f5 32. exf5 gxf5 33. c3 Kf6 34. Kd2 Kg5 35. Bg8 Ba6 36. Ke3 f4+ 37. Kf2 e4 38. Bc4 e3+ 39. Ke2 Bc8 40. Nc2 b5 41. axb5 cxb5 42. Bxb5 Nxb3 43. g3 Bb7 44. Bd7 Nc1+ 45. Kd1 Nd3 46. Ke2 Nc1+ 47. Kd1 Na2 48. h4+ Kf6 49. gxf4 Nxc3+ 50. Ke1 e2 51. Nd4 a4 52. Bb5 Nxb5 53. Nxb5 Bxf3 54. Nd4 a3 55. Nc2 a2 56. Kf2 Bg4 57. Ke1 Bf5 58. Na1 Bd3 59. Kd2 Bc4 60. Ke1 Kf5 61. Nc2 Kxf4 62. Kf2 Kg4 63. Ne3+ Kxh4 64. Nc2 Kg5 65. Ke1 h5 66. Kd2 h4 67. Kc3 a1=Q+ 68. Nxa1 e1=Q+ 69. Kxc4 Qxa1 0-1


[Site "https://www.chess.com"]

[Event "Titled Tuesday Blitz June 20 Late 2023"]
[White "Fishbein, Alexander"]
[Black "Elsa167"]
[WhiteFideId "2000377"]
[WhiteElo "2403"]
[BlackElo "2824"]
[Result "0-1"]
[Round "6"]
[TimeControl "180+2"]
[Date "2023.06.20"]
[WhiteClock "0:00:11"]
[BlackClock "0:00:22"]
[Board "35"]

1. e4 e6 2. d4 d5 3. exd5 exd5 4. Nf3 Nf6 5. Bd3 Bd6 6. Qe2+ Be6 7. Ng5 Qe7 8. Nxe6 Qxe6 9. O-O O-O 10. c3 c5 11. Qxe6 fxe6 12. Nd2 Nc6 13. Nf3 cxd4 14. cxd4 Nb4 15. Bb1 Rac8 16. a3 Nc2 17. Ra2 Rc7 18. Bd2 Ne4 19. Bc3 Nxc3 20. bxc3 Nxa3 21. Ng5 Nxb1 22. Rxb1 Rxc3 23. Rxa7 Rfc8 24. g3 Rc1+ 25. Rxc1 Rxc1+ 26. Kg2 Re1 27. Rxb7 h6 28. Nf3 Re4 29. Rb6 Be7 30. Rb8+ Kh7 31. Re8 Bf6 32. h4 Kg6 33. Kf1 Kf5 34. Rf8 Kg6 35. Re8 Kf7 36. Ra8 g5 37. hxg5 hxg5 38. Ra4 g4 39. Nd2 Rxd4 40. Rxd4 Bxd4 41. f3 Be3 42. Nb1 gxf3 43. Nc3 Kf6 44. Nd1 Bd4 0-1


[Site "https://www.chess.com"]

[Event "Titled Tuesday Blitz June 20 Late 2023"]
[White "Piesik, Piotr"]
[Black "Harsh Suresh"]
[WhiteFideId "1136194"]
[BlackFideId "45018464"]
[WhiteElo "2303"]
[BlackElo "2209"]
[Result "0-1"]
[Round "6"]
[TimeControl "180+2"]
[Date "2023.06.20"]
[WhiteClock "0:00:15"]
[BlackClock "0:00:04"]
[Board "36"]

1. Nf3 Nf6 2. g3 g6 3. Bg2 Bg7 4. O-O O-O 5. d4 d5 6. c4 c6 7. Nc3 Bg4 8. Ne5 Be6 9. cxd5 Nxd5 10. Nxd5 Bxd5 11. e4 Bxe5 12. dxe5 Bc4 13. Bh6 Bxf1 14. Bxf8 Nd7 15. Bxf1 Nxf8 16. Qb3 Qb6 17. Rd1 Qxb3 18. axb3 Rb8 19. f4 Ne6 20. b4 Rd8 21. Rxd8+ Nxd8 22. Kf2 Kf8 23. Ke3 Ke8 24. Bh3 e6 25. Kd4 Kd7 26. Bf1 Kc7 27. b5 Kb6 28. bxc6 Nxc6+ 29. Kc4 a6 30. h4 Kc7 31. Be2 b5+ 32. Kc5 Nb8 33. b4 Nd7+ 34. Kd4 Kb6 35. h5 Nb8 36. Kc3 Nc6 37. h6 a5 38. bxa5+ Nxa5 39. Bd1 Kc5 40. g4 Nc6 41. g5 Na5 42. Bg4 Nc4 43. Kd3 b4 44. Be2 b3 45. Kc3 b2 46. Bd3 Ne3 47. f5 exf5 48. exf5 Nxf5 49. Kxb2 Kd5 50. Kc3 Kxe5 51. Bc4 Nd6 52. Bb3 Ne4+ 53. Kd3 Nxg5 54. Ke3 Ne6 55. Kf3 f5 56. Kg3 Kf6 57. Bc4 Ng5 58. Kf4 Nf7 59. Ke3 Nxh6 0-1


[Site "https://www.chess.com"]

[Event "Titled Tuesday Blitz June 20 Late 2023"]
[White "Ortega Amarelle, Mariano"]
[Black "Sattarov, Bobir"]
[WhiteFideId "3504301"]
[BlackFideId "14203081"]
[WhiteElo "2392"]
[BlackElo "2351"]
[Result "0-1"]
[Round "6"]
[TimeControl "180+2"]
[Date "2023.06.20"]
[WhiteClock "0:00:09"]
[BlackClock "0:00:09"]
[Board "37"]

1. b3 e5 2. Bb2 Nc6 3. e3 g6 4. Nf3 Bg7 5. d4 d6 6. dxe5 Nxe5 7. Nxe5 Bxe5 8. Bxe5 dxe5 9. Qxd8+ Kxd8 10. Nc3 c6 11. O-O-O+ Kc7 12. Ne4 f5 13. Nd6 Nf6 14. a4 Be6 15. Bc4 Bd5 16. Bxd5 cxd5 17. Nf7 Rhe8 18. f4 exf4 19. exf4 Re2 20. Rhe1 Rae8 21. Rxe2 Rxe2 22. Rd2 Re1+ 23. Kb2 Rh1 24. h3 Nh5 25. Rxd5 Nxf4 26. Rc5+ Kd7 27. g4 b6 28. Rb5 Ke7 29. Ne5 Kf6 30. Nc6 Nxh3 31. gxf5 g5 32. Nxa7 g4 33. Rxb6+ Kxf5 34. Rb5+ Kf4 35. Nc6 g3 36. Nd4 Re1 37. Rb7 g2 38. Rf7+ Kg4 39. Rg7+ Ng5 40. Nf3 Kxf3 41. Rxg5 g1=Q 42. Rxg1 Rxg1 43. a5 h5 44. b4 h4 45. a6 h3 46. a7 Rg8 47. b5 h2 48. b6 h1=Q 49. b7 Qh8+ 50. Kb1 Rb8 0-1


[Site "https://www.chess.com"]

[Event "Titled Tuesday Blitz June 20 Late 2023"]
[White "MaryanKyrychenko"]
[Black "Nazari, Arad"]
[BlackFideId "12577324"]
[WhiteElo "2540"]
[BlackElo "2175"]
[Result "1-0"]
[Round "6"]
[TimeControl "180+2"]
[Date "2023.06.20"]
[WhiteClock "0:00:17"]
[BlackClock "0:00:04"]
[Board "38"]

1. e4 c5 2. Nc3 d6 3. f4 g6 4. Nf3 Bg7 5. Bb5+ Bd7 6. Bxd7+ Qxd7 7. O-O Nc6 8. d3 e6 9. Be3 Nge7 10. Kh1 O-O 11. Qe2 a6 12. Rad1 b5 13. e5 Nf5 14. exd6 Nxe3 15. Qxe3 Qxd6 16. Ne4 Qd5 17. b3 Nd4 18. c4 bxc4 19. dxc4 Qc6 20. Ne5 Qc7 21. Nxc5 Nf5 22. Qf2 Rfc8 23. Ncd3 Rd8 24. Nf3 Qb7 25. Nc5 Qc6 26. Nd3 a5 27. Nde5 Qb7 28. Qc5 Rxd1 29. Rxd1 Bf8 30. Qc6 Qa7 31. Qd7 Qxd7 32. Rxd7 f6 33. Nc6 a4 34. b4 Ne3 35. c5 Nd5 36. g3 Rc8 37. Na7 Rb8 38. a3 Nxb4 39. axb4 a3 40. Nc6 a2 41. Ra7 Rc8 42. Ncd4 e5 43. fxe5 fxe5 44. Nxe5 Re8 45. Nef3 Bg7 46. Rxa2 1-0


[Site "https://www.chess.com"]

[Event "Titled Tuesday Blitz June 20 Late 2023"]
[White "Fodor, Tamas Jr."]
[Black "Suarez Uriel, Adrian"]
[WhiteFideId "723762"]
[BlackFideId "22230874"]
[WhiteElo "2504"]
[BlackElo "2331"]
[Result "1-0"]
[Round "6"]
[TimeControl "180+2"]
[Date "2023.06.20"]
[WhiteClock "0:01:38"]
[BlackClock "0:01:47"]
[Board "39"]

1. d4 Nf6 2. c4 g6 3. Nc3 d5 4. Nf3 Bg7 5. Qb3 dxc4 6. Qxc4 O-O 7. e4 a6 8. Be2 b5 9. Qb3 c5 10. dxc5 Bb7 11. a4 Nxe4 12. Nxe4 Bxe4 13. axb5 axb5 14. Rxa8 Bxa8 15. Qxb5 Nc6 16. O-O Nd4 17. Nxd4 Qxd4 18. Qc4 Rc8 19. Qxd4 Bxd4 20. b4 Bc3 21. Ba3 Bd5 22. h3 Ra8 23. Rd1 Rxa3 24. Rxd5 Bxb4 25. c6 Rc3 26. Rd8+ Kg7 27. Bf3 Bd6 28. Kf1 h5 29. Ke2 g5 30. Kd2 Rc5 31. Rc8 h4 32. Kd3 f5 33. Bh5 Kf6 34. Be8 Ke5 35. Bd7 Rd5+ 36. Ke2 Rc5 37. Rf8 Kf4 38. Kd3 Rc1 39. Rxf5# 1-0


[Site "https://www.chess.com"]

[Event "Titled Tuesday Blitz June 20 Late 2023"]
[White "Kovalevsky, Stanislav"]
[Black "Can, Isik"]
[WhiteFideId "13508598"]
[BlackFideId "6383742"]
[WhiteElo "2112"]
[BlackElo "2374"]
[Result "0-1"]
[Round "6"]
[TimeControl "180+2"]
[Date "2023.06.20"]
[WhiteClock "0:00:34"]
[BlackClock "0:00:51"]
[Board "40"]

1. c4 c6 2. e4 d5 3. exd5 cxd5 4. cxd5 Nf6 5. Nc3 Nxd5 6. Bc4 Nb6 7. Bb3 Nc6 8. Nge2 Bf5 9. d4 e6 10. O-O Be7 11. Ng3 Bg6 12. d5 exd5 13. Nxd5 O-O 14. Nxe7+ Qxe7 15. Re1 Qf6 16. Ne4 Bxe4 17. Rxe4 Rad8 18. Qe1 Nd4 19. Bd1 Ne6 20. Rb1 Nc5 21. Rg4 Nd3 22. Bg5 Qxg5 23. Rxg5 Nxe1 24. a4 Nd3 25. a5 Nd5 26. Bf3 Nf6 27. Bxb7 Nxb2 28. h3 Nc4 29. Rb3 Nd2 30. Ra3 Nde4 31. Re5 Nd6 32. a6 Nc4 33. Raa5 Nxa5 0-1


[Site "https://www.chess.com"]

[Event "Titled Tuesday Blitz June 20 Late 2023"]
[White "Dilmukhametov, Artur"]
[Black "Barp, Alberto"]
[WhiteFideId "24179922"]
[BlackFideId "872555"]
[WhiteElo "2242"]
[BlackElo "2313"]
[Result "0-1"]
[Round "6"]
[TimeControl "180+2"]
[Date "2023.06.20"]
[WhiteClock "0:00:00"]
[BlackClock "0:00:04"]
[Board "41"]

1. e4 c5 2. Nf3 a6 3. c3 e6 4. d4 d5 5. e5 Bd7 6. a3 Qb6 7. b4 cxd4 8. cxd4 a5 9. bxa5 Qxa5+ 10. Bd2 Qa7 11. Bd3 Nc6 12. Bc3 Nge7 13. O-O Nf5 14. Bxf5 exf5 15. Nbd2 Be7 16. Qb3 Be6 17. Rfb1 Rb8 18. Qb6 Qxb6 19. Rxb6 Kd7 20. Rab1 Kc7 21. a4 g5 22. Ne1 f4 23. R1b2 Bf5 24. Nb3 Rhc8 25. Na5 Nxa5 26. Bxa5 Kd7 27. Rxb7+ Rxb7 28. Rxb7+ Ke8 29. Bc7 Bb4 30. Rxb4 Rxc7 31. Kf1 Rc1 32. Ke2 Ra1 33. h3 Ra2+ 34. Kf1 Kf8 35. Nf3 h6 36. Rb8+ Kg7 37. Ra8 Ra1+ 38. Ke2 Ra2+ 39. Ke1 Bd3 40. Ra7 Kg6 41. Ra6+ Kg7 42. Ra7 Kg6 43. e6 Re2+ 44. Kd1 f6 45. e7 Kf7 46. a5 Rxe7 47. Rxe7+ Kxe7 48. Kd2 Bf1 49. Ne1 Kd6 50. Kc3 Kc6 51. Kb4 f5 52. Ka4 h5 53. f3 h4 54. Kb4 g4 55. fxg4 fxg4 56. hxg4 Bxg2 57. Nxg2 h3 0-1


[Site "https://www.chess.com"]

[Event "Titled Tuesday Blitz June 20 Late 2023"]
[White "Fiorito, Francisco"]
[Black "Bluebaum, Matthias"]
[WhiteFideId "180165"]
[BlackFideId "24651516"]
[WhiteElo "2319"]
[BlackElo "2639"]
[Result "0-1"]
[Round "6"]
[TimeControl "180+2"]
[Date "2023.06.20"]
[WhiteClock "0:00:00"]
[BlackClock "0:00:54"]
[Board "42"]

1. d4 d5 2. Nc3 e6 3. Bf4 c5 4. e3 a6 5. Nf3 Nc6 6. dxc5 Bxc5 7. Bd3 f6 8. e4 d4 9. Ne2 e5 10. Bd2 Nge7 11. a3 Be6 12. Ng3 Qd7 13. Qe2 O-O 14. O-O Rac8 15. Rfd1 b5 16. Be1 Qe8 17. a4 bxa4 18. Rxa4 a5 19. Bb5 Qf7 20. b3 Bb4 21. Bxb4 Nxb4 22. Ne1 Rc5 23. Bd3 Rfc8 24. Rda1 Nec6 25. h4 Rc3 26. R4a3 Nxd3 27. Nxd3 h6 28. Nf1 Nb4 29. Nxb4 axb4 30. R3a2 Qg6 31. Rb2 Bg4 32. Qe1 Qh5 33. f3 Bxf3 34. gxf3 Rxf3 35. c3 Rcxc3 36. Rg2 Qf7 37. Ng3 Rce3 38. Ne2 d3 39. Ra8+ Kh7 40. h5 Rxe2 41. Rxe2 dxe2 42. Qxe2 Qxh5 43. Qg2 Rxb3 44. Ra7 Rb1+ 45. Qf1 Rxf1+ 0-1


[Site "https://www.chess.com"]

[Event "Titled Tuesday Blitz June 20 Late 2023"]
[White "Sadhwani, Raunak"]
[Black "Mendez Fortes, Eduardo Jesus"]
[WhiteFideId "35093487"]
[BlackFideId "3502376"]
[WhiteElo "2631"]
[BlackElo "2307"]
[Result "1-0"]
[Round "6"]
[TimeControl "180+2"]
[Date "2023.06.20"]
[WhiteClock "0:02:20"]
[BlackClock "0:00:53"]
[Board "43"]

1. e4 c5 2. Nf3 d6 3. b3 g6 4. Bb2 Nf6 5. e5 dxe5 6. Nxe5 Bg7 7. Bb5+ Nbd7 8. O-O O-O 9. Nxd7 Bxd7 10. Bxd7 Qxd7 11. d3 b6 12. Nd2 Rad8 13. Re1 Rfe8 14. Nc4 Qc7 15. Be5 Qd7 16. Qc1 Nd5 17. Bxg7 Kxg7 18. Ne3 e5 19. Nxd5 Qxd5 20. Re3 f6 21. Qd2 Re7 22. Rae1 Rde8 23. a4 Re6 24. Qc1 a6 25. Qd2 R8e7 26. h4 h5 27. Re4 b5 28. axb5 axb5 29. Qa5 b4 30. Rxb4 f5 31. Rc4 Rc6 32. b4 e4 33. Rxc5 Rxc5 34. Qxc5 Qa2 35. Qxe7+ 1-0


[Site "https://www.chess.com"]

[Event "Titled Tuesday Blitz June 20 Late 2023"]
[White "Andreikin, Dmitry"]
[Black "brm72"]
[WhiteFideId "4158814"]
[WhiteElo "2736"]
[BlackElo "2571"]
[Result "1-0"]
[Round "6"]
[TimeControl "180+2"]
[Date "2023.06.20"]
[WhiteClock "0:00:24"]
[BlackClock "0:00:02"]
[Board "44"]

1. e4 c6 2. d4 d5 3. e5 c5 4. dxc5 e6 5. Be3 Nh6 6. Bd3 Nd7 7. Nf3 Qc7 8. Na3 a6 9. c4 Nxe5 10. Nxe5 Qxe5 11. cxd5 exd5 12. Qe2 Be6 13. h3 Nf5 14. Bxf5 Qxf5 15. Nc2 Qg6 16. Nd4 Be7 17. Nxe6 fxe6 18. O-O O-O 19. b4 e5 20. Rad1 Rad8 21. Bd4 e4 22. a4 Bf6 23. b5 Bxd4 24. Rxd4 axb5 25. axb5 Qe6 26. Rfd1 Rf4 27. Qd2 Rdf8 28. Rxd5 Rxf2 29. Qxf2 Rxf2 30. Kxf2 Qf6+ 31. Ke3 h6 32. b6 Qb2 33. R1d2 Qb4 34. h4 Kf7 35. h5 Ke6 36. Rd6+ Kf5 37. R2d5+ Kg4 38. Rg6+ Kh4 39. Rgd6 Qe1+ 40. Kf4 e3 41. Rd3 Qf2+ 42. Ke4 e2 43. Rh3+ Kg5 44. Rg6# 1-0


[Site "https://www.chess.com"]

[Event "Titled Tuesday Blitz June 20 Late 2023"]
[White "Zhigalko, Sergei"]
[Black "Banzea, Alexandru-Bogdan"]
[WhiteFideId "13502956"]
[BlackFideId "1232622"]
[WhiteElo "2626"]
[BlackElo "2294"]
[Result "1/2-1/2"]
[Round "6"]
[TimeControl "180+2"]
[Date "2023.06.20"]
[WhiteClock "0:00:10"]
[BlackClock "0:00:12"]
[Board "45"]

1. g4 d5 2. Bg2 c6 3. g5 e5 4. h4 Bd6 5. c4 dxc4 6. Na3 Bxa3 7. bxa3 Ne7 8. Bb2 Qd6 9. Nf3 f6 10. h5 h6 11. gxf6 gxf6 12. Qc2 Be6 13. O-O-O Nd7 14. d4 cxd3 15. Rxd3 Qc5 16. Nh4 Qxf2 17. Kb1 Rg8 18. Rd6 Rxg2 19. Rxe6 Rg1+ 20. Rxg1 Qxg1+ 21. Bc1 Qb6+ 22. Bb2 Qg1+ 23. Bc1 Qb6+ 24. Bb2 Qg1+ 1/2-1/2


[Site "https://www.chess.com"]

[Event "Titled Tuesday Blitz June 20 Late 2023"]
[White "Indjic, Aleksandar"]
[Black "Taboas Rodriguez, Daniel"]
[WhiteFideId "911925"]
[BlackFideId "2208466"]
[WhiteElo "2614"]
[BlackElo "2365"]
[Result "1-0"]
[Round "6"]
[TimeControl "180+2"]
[Date "2023.06.20"]
[WhiteClock "0:01:31"]
[BlackClock "0:00:01"]
[Board "46"]

1. d4 Nf6 2. c4 g6 3. Nc3 Bg7 4. Nf3 O-O 5. h3 d6 6. g4 e5 7. dxe5 dxe5 8. Qxd8 Rxd8 9. Nxe5 Na6 10. Bg2 Nb4 11. O-O Nc2 12. Rb1 c6 13. Bg5 h6 14. Bh4 Re8 15. Rbc1 Nd4 16. e3 Ne6 17. Rfd1 Nc5 18. Bg3 Be6 19. b4 Na6 20. b5 cxb5 21. Bxb7 b4 22. Nb5 Nc5 23. Bxa8 Rxa8 24. Nc7 Rc8 25. Nxe6 fxe6 26. f3 a5 27. Nd3 Na4 28. Be5 Nc3 29. Bxc3 bxc3 30. Ne5 Nh7 31. Nxg6 Rxc4 32. Nf4 Ng5 33. Kg2 Ra4 34. Rc2 Be5 35. Ne2 Bf6 36. Nxc3 Rc4 37. Rdc1 h5 38. Ne2 hxg4 39. Rxc4 gxf3+ 40. Kf2 fxe2 41. Kxe2 Nxh3 42. Rg4+ Kf7 43. Rf1 Ke7 44. Rg6 Bc3 45. Rf3 1-0


[Site "https://www.chess.com"]

[Event "Titled Tuesday Blitz June 20 Late 2023"]
[White "Tari, Aryan"]
[Black "O`Gorman, Tom"]
[WhiteFideId "1510045"]
[BlackFideId "2508249"]
[WhiteElo "2586"]
[BlackElo "2299"]
[Result "1-0"]
[Round "6"]
[TimeControl "180+2"]
[Date "2023.06.20"]
[WhiteClock "0:01:41"]
[BlackClock "0:01:53"]
[Board "47"]

1. d4 Nf6 2. c4 e6 3. Nf3 d5 4. Nc3 Be7 5. Bg5 O-O 6. e3 b6 7. cxd5 exd5 8. Bd3 Bb7 9. O-O Ne4 10. Bf4 Nd7 11. Qc2 Ndf6 12. Bxc7 Qd7 13. Bf4 Rac8 14. Ne5 Qe6 15. f3 Nxc3 16. bxc3 Bb4 17. Bf5 Rxc3 18. Qxc3 Bxc3 19. Bxe6 Bxa1 20. Bxf7+ Rxf7 21. Nxf7 1-0


[Site "https://www.chess.com"]

[Event "Titled Tuesday Blitz June 20 Late 2023"]
[White "Licznerski, Lukasz"]
[Black "Shapiro, Viktor"]
[WhiteFideId "1179250"]
[BlackFideId "4175700"]
[WhiteElo "2453"]
[BlackElo "2212"]
[Result "1-0"]
[Round "6"]
[TimeControl "180+2"]
[Date "2023.06.20"]
[WhiteClock "0:00:05"]
[BlackClock "0:00:09"]
[Board "48"]

1. e4 Nf6 2. e5 Nd5 3. d4 d6 4. c4 Nb6 5. exd6 cxd6 6. Nc3 g6 7. Be3 Bg7 8. Rc1 O-O 9. b3 f5 10. d5 e5 11. dxe6 Nc6 12. Nge2 Bxe6 13. Nd4 Qf6 14. Nxe6 Qxe6 15. Be2 f4 16. Bxb6 axb6 17. O-O Bxc3 18. Rxc3 Rxa2 19. Bf3 Kh8 20. Rd3 Rf6 21. Bxc6 bxc6 22. Re1 Qd7 23. h4 Kg7 24. Qf3 Qf5 25. Rd4 Kh6 26. Qxc6 Qc2 27. Qf3 Rb2 28. Rxf4 Rxb3 29. Rxf6 Rxf3 30. Rxf3 Qxc4 31. g3 b5 32. Rb1 b4 33. Rfb3 d5 34. Rxb4 Qe2 35. Rd4 Qf3 36. Rbd1 Qe2 37. Rxd5 Qe6 38. R5d3 Qe2 39. R3d2 Qe4 40. Rd3 Qe2 41. R1d2 Qe1+ 42. Kh2 Qf1 43. Re3 Kh5 44. Re4 Kh6 45. Rf4 Qe1 46. Rd7 Qf1 47. Rff7 Kh5 48. Rxh7+ Kg4 49. Rdf7 Qe2 50. Rf4# 1-0


[Site "https://www.chess.com"]

[Event "Titled Tuesday Blitz June 20 Late 2023"]
[White "Corrales Jimenez, Fidel"]
[Black "Dushyant Sharma"]
[WhiteFideId "3506690"]
[BlackFideId "25065130"]
[WhiteElo "2511"]
[BlackElo "2198"]
[Result "1/2-1/2"]
[Round "6"]
[TimeControl "180+2"]
[Date "2023.06.20"]
[WhiteClock "0:00:16"]
[BlackClock "0:00:06"]
[Board "49"]

1. e4 d5 2. exd5 Nf6 3. Bb5+ c6 4. dxc6 Nxc6 5. Nc3 Bg4 6. Be2 Bxe2 7. Ngxe2 e6 8. O-O Bd6 9. d3 O-O 10. Bf4 Bxf4 11. Nxf4 Qb6 12. b3 Rac8 13. Nfe2 Rfd8 14. a3 a5 15. Na4 Qa7 16. c4 Nd4 17. Ng3 b5 18. Nb2 h5 19. a4 bxc4 20. bxc4 Rb8 21. Ra2 h4 22. Nh5 Qe7 23. h3 Rb4 24. Nxf6+ Qxf6 25. Qg4 Nb3 26. Rd1 Nc5 27. d4 Nb3 28. Qf3 Qxf3 29. gxf3 Nxd4 30. Kg2 e5 31. Nd3 Rxc4 32. Nxe5 Rcc8 33. Rad2 Ne6 34. Nd7 g5 35. f4 Nxf4+ 36. Kf3 Kg7 37. Kg4 Ne6 38. f4 Rc4 39. Rf1 Nxf4 40. Kxg5 Ne6+ 41. Kf5 Nd4+ 42. Rxd4 Rxd4 43. Rg1+ Kh7 44. Nf6+ Kh6 45. Ng8+ Kh7 46. Nf6+ Kh8 47. Rg5 R4d5+ 48. Nxd5 Rxd5+ 49. Kf6 Rd4 50. Kxf7 Rd7+ 51. Kf6 Rd4 52. Rxa5 Kg8 53. Rg5+ Kf8 54. a5 Ra4 55. Rh5 Kg8 56. Ke6 Kg7 57. Kd6 Kg6 58. Rb5 Ra3 59. Kc6 Rxh3 60. a6 Ra3 61. Kb6 h3 62. Rb2 Kg5 63. a7 Kg4 64. Rb4+ Kg3 65. Rb5 h2 66. Rg5+ Kf2 67. Rh5 Kg1 68. Rg5+ Kf1 69. Rf5+ Kg2 70. Rg5+ Kf1 71. Rh5 Kg2 72. Rh8 h1=Q 73. Rxh1 Kxh1 74. Kb7 Rb3+ 75. Kc7 Ra3 76. Kb8 Rb3+ 77. Kc7 Ra3 78. Kb7 Rb3+ 79. Kc7 1/2-1/2


[Site "https://www.chess.com"]

[Event "Titled Tuesday Blitz June 20 Late 2023"]
[White "Santos Ruiz, Miguel"]
[Black "D`Arruda, Ricardo D."]
[WhiteFideId "22291482"]
[BlackFideId "100692"]
[WhiteElo "2499"]
[BlackElo "2539"]
[Result "1-0"]
[Round "6"]
[TimeControl "180+2"]
[Date "2023.06.20"]
[WhiteClock "0:01:34"]
[BlackClock "0:00:29"]
[Board "50"]

1. e4 c5 2. g3 Nc6 3. Bg2 Nf6 4. Ne2 d5 5. exd5 Nxd5 6. Nbc3 e6 7. O-O Nxc3 8. dxc3 Qxd1 9. Rxd1 Bd7 10. a3 O-O-O 11. Be3 Be7 12. b4 Be8 13. Bxc5 Rxd1+ 14. Rxd1 Bxc5 15. bxc5 Bd7 16. Nd4 Na5 17. Nb3 Nc6 18. Nd2 Rd8 19. Nc4 Kc7 20. Nd6 f6 21. Nb5+ Kb8 22. Bxc6 bxc6 23. Nd6 Kc7 24. Rb1 Rb8 25. Rb3 e5 26. Kf1 Rxb3 27. cxb3 g6 28. Ke2 f5 29. f4 Be6 30. b4 exf4 31. gxf4 a6 32. Ke3 Kd7 33. Kd4 Bb3 34. Ke5 Ke7 35. h4 Be6 36. c4 Bd7 37. a4 Be6 38. b5 cxb5 39. cxb5 axb5 40. axb5 1-0


[Site "https://www.chess.com"]

[Event "Titled Tuesday Blitz June 20 Late 2023"]
[White "Krsnik Cohar, Ivan Vihor"]
[Black "Lin, Dachey"]
[WhiteFideId "14520044"]
[BlackFideId "2029650"]
[WhiteElo "2414"]
[BlackElo "2313"]
[Result "0-1"]
[Round "6"]
[TimeControl "180+2"]
[Date "2023.06.20"]
[WhiteClock "0:00:00"]
[BlackClock "0:00:14"]
[Board "51"]

1. e4 g6 2. Nf3 Bg7 3. Nc3 c6 4. Bc4 d5 5. exd5 b5 6. Bb3 b4 7. Ne2 cxd5 8. O-O Nf6 9. a3 bxa3 10. Rxa3 O-O 11. d3 Nc6 12. Ned4 Nxd4 13. Nxd4 e5 14. Nf3 Re8 15. Re1 Bg4 16. h3 Bh5 17. Bg5 Bxf3 18. Qxf3 e4 19. Qd1 h6 20. Bh4 g5 21. Bg3 a5 22. Qd2 Qb6 23. h4 Nh5 24. Kh2 Nxg3 25. fxg3 gxh4 26. Bxd5 hxg3+ 27. Kh1 Re5 0-1


[Site "https://www.chess.com"]

[Event "Titled Tuesday Blitz June 20 Late 2023"]
[White "Ozates, Tuna"]
[Black "Tristan, Leonardo"]
[WhiteFideId "6354521"]
[BlackFideId "113816"]
[WhiteElo "2151"]
[BlackElo "2461"]
[Result "0-1"]
[Round "6"]
[TimeControl "180+2"]
[Date "2023.06.20"]
[WhiteClock "0:00:36"]
[BlackClock "0:01:37"]
[Board "52"]

1. e4 d5 2. exd5 Qxd5 3. Nc3 Qa5 4. Bc4 Nf6 5. d3 Bg4 6. f3 Bd7 7. Bd2 Qb6 8. Bb3 e6 9. Qe2 Be7 10. O-O-O Nc6 11. Be3 Bc5 12. Bxc5 Qxc5 13. Nh3 a5 14. Ba4 O-O 15. Nf2 Nd4 16. Qd2 b5 17. Nce4 Nxe4 18. Nxe4 Qc6 19. Nf6+ gxf6 20. Qf2 Qc5 21. Kb1 bxa4 22. c3 Nb3 23. Qh4 Qg5 24. Qc4 Nd2+ 25. Rxd2 Qxd2 26. g4 Rab8 0-1


[Site "https://www.chess.com"]

[Event "Titled Tuesday Blitz June 20 Late 2023"]
[White "FoxOnTheRun97"]
[Black "Oro, Faustino"]
[BlackFideId "20000197"]
[WhiteElo "2531"]
[BlackElo "1984"]
[Result "0-1"]
[Round "6"]
[TimeControl "180+2"]
[Date "2023.06.20"]
[WhiteClock "0:00:06"]
[BlackClock "0:00:06"]
[Board "53"]

1. Nf3 Nf6 2. g3 d5 3. Bg2 c6 4. O-O Bf5 5. b3 e6 6. Bb2 Be7 7. c4 h6 8. d3 O-O 9. Nbd2 a5 10. Re1 Bh7 11. e4 dxe4 12. dxe4 Na6 13. e5 Nd7 14. Ne4 Nac5 15. Nd4 Nxe4 16. Bxe4 Bxe4 17. Rxe4 Nc5 18. Re3 Qc7 19. Qg4 Rad8 20. Rd1 Na6 21. Ree1 Bc5 22. Ne2 Nb4 23. Nf4 Kh7 24. Nh5 Rg8 25. Qe4+ Kh8 26. a3 Na6 27. Qh4 Qb6 28. Qf4 Rxd1 29. Rxd1 Qxb3 30. Rd7 Qxb2 31. Rxf7 Qb1+ 32. Kg2 Qg6 33. g4 b5 34. cxb5 cxb5 35. Rb7 b4 36. axb4 Nxb4 37. h3 Nd5 38. Qc4 Bb4 39. Ra7 Qg5 40. Qe4 Bc3 41. f4 Qd8 42. g5 Ne7 43. gxh6 gxh6+ 44. Kf3 Qd1+ 45. Qe2 Qd5+ 46. Qe4 Qxe4+ 47. Kxe4 Nf5 48. Nf6 Ng7 49. Nxg8 Kxg8 50. Rc7 Bb4 51. Rc8+ Kh7 52. Rc7 Kg6 53. Rb7 Nh5 54. Rb6 Kf7 55. Ra6 Ng3+ 56. Kf3 Nf5 57. Kg4 Nd4 58. Kh5 Ne2 59. Kg4 Nd4 60. Kh5 Nf5 61. Kg4 Bd2 62. Kf3 Kf8 63. Ke4 Kf7 64. Ra7+ Kg6 65. Ra6 Ng7 66. Kf3 Kf5 67. Ra7 Ne8 68. Rf7+ Kg6 69. Re7 Ng7 70. Rd7 Bb4 71. Rb7 Bf8 72. Ra7 Bb4 73. Kg4 h5+ 74. Kf3 Bc3 75. Ke4 Nf5 76. Ra6 Nd4 77. Rb6 Ne2 78. Ra6 Ng3+ 79. Kf3 Nf5 80. Ke4 Ng7 81. Ra7 Bd2 82. Ra6 Kf7 83. Ra7+ Kf8 84. Ra6 Ne8 85. Ra7 Bc3 86. Ra6 Bb4 87. Rxe6 Nc7 88. Rc6 Nb5 89. Rc8+ Ke7 90. Ra8 a4 91. f5 a3 92. f6+ Kf7 93. Kf5 Nd4+ 94. Ke4 Ne6 95. Ra7+ Kg6 96. Ra6 Nc5+ 97. Kd5 Nxa6 98. Kc4 a2 99. Kb5 a1=Q 100. h4 Qxe5+ 101. Kxa6 Qxf6+ 102. Kb5 Qe5+ 0-1


[Site "https://www.chess.com"]

[Event "Titled Tuesday Blitz June 20 Late 2023"]
[White "Badelka, Olga"]
[Black "Velikanov, Alexander"]
[WhiteFideId "13509926"]
[BlackFideId "2039290"]
[WhiteElo "2375"]
[BlackElo "2259"]
[Result "0-1"]
[Round "6"]
[TimeControl "180+2"]
[Date "2023.06.20"]
[WhiteClock "0:00:00"]
[BlackClock "0:00:04"]
[Board "54"]

1. c4 Nf6 2. Nc3 g6 3. d4 c5 4. d5 Bg7 5. e4 O-O 6. e5 Ne8 7. Nf3 d6 8. exd6 Nxd6 9. Be2 Bg4 10. Be3 Bxf3 11. gxf3 Nd7 12. Qc2 Qa5 13. Bd3 Ne5 14. O-O Ndxc4 15. Bxc4 Nxc4 16. Rac1 Ne5 17. Kg2 Rac8 18. Ne4 c4 19. Bd4 Qxd5 20. Rcd1 Nd3 21. Bxg7 Kxg7 22. b3 Qf5 23. bxc4 Nf4+ 24. Kh1 Qh3 25. Qc3+ Kg8 26. Rg1 Rfd8 27. Rxd8+ Rxd8 28. Qe3 e5 29. Ng5 Qf5 30. Qxa7 Rd4 31. Qxb7 Ne2 32. Rg4 Rxg4 33. fxg4 Qxg5 34. h3 Nf4 35. Kh2 Qh4 36. Qf3 h5 37. gxh5 Qxh5 38. Qe3 Kg7 39. c5 Qf5 0-1


[Site "https://www.chess.com"]